 Dungeon Crawl Stone Soup version 0.29.0-13-gc9e81de378 (webtiles) character file.

Game seed: 13217268981735150884

251 KamiKatze the Conjurer (level 5, 0/28 HPs)
             Began as a Deep Elf Conjurer on Sept 9, 2022.
             Shot with an arrow by a centaur (9 damage)
             ... on level 4 of the Dungeon.
             The game lasted 00:13:33 (2936 turns).

KamiKatze the Conjurer (Deep Elf Conjurer)          Turns: 2936, Time: 00:13:34

Health: 0/28       AC:  3    Str:  4    XL:     5   Next: 88%
Magic:  13/14      EV: 12    Int: 25    God:
Gold:   161        SH:  0    Dex: 13    Spells: 2/13 levels left

rFire   . . .      SeeInvis .   d - +0 spear
rCold   . . .      Faith    .   (no shield)
rNeg    . . .      Spirit   .   a - +0 robe
rPois   .          Reflect  .   (no helmet)
rElec   .          Harm     .   (no cloak)
rCorr   .          Rampage  .   i - +0 pair of gloves
Will    .....                   (no boots)
Stlth   ++........              (no amulet)
HPRegen 0.09/turn               (no ring)
MPRegen 0.14/turn               (no ring)

@: no status effects
A: no striking features
a: no special abilities


You were on level 4 of the Dungeon.
You visited 1 branch of the dungeon, and saw 4 of its levels.

You collected 161 gold pieces.

Inventory:

Hand Weapons
 d - a +0 spear (weapon)
Missiles
 n - 2 poisoned darts (quivered)
Armour
 a - a +0 robe (worn)
 i - a +0 pair of gloves (worn)
 j - a scarf of shadows
Magical Staves
 g - a staff of death
Jewellery
 c - a ring of ice
Wands
 l - a wand of quicksilver (1)
Scrolls
 f - 3 scrolls of poison {unknown}
 h - a scroll of magic mapping
 p - a scroll of immolation {unknown}
 q - a scroll of vulnerability {unknown}
Potions
 b - a potion of magic
 e - 2 potions of attraction
 k - 2 potions of lignification
 m - a potion of curing
 o - a potion of cancellation


   Skills:
 - Level 3.0 Dodging
 - Level 3.0 Stealth
 + Level 4.7 Spellcasting
 + Level 5.3 Conjurations
 + Level 3.4 Hexes
 + Level 2.7 Translocations


You had 2 spell levels left.
You knew the following spells:

 Your Spells              Type           Power      Damage    Failure   Level
a - Magic Dart            Conj           100%       1d8       1%          1
b - Searing Ray           Conj           64%        2d6       1%          2
c - Fulminant Prism       Conj/Hex       13%        3d9       14%         4
d - Iskenderun's Mystic   Conj/Tloc      26%        2d7       16%         4

Your spell library contained the following spells:

 Spells                   Type           Power      Damage    Failure   Level
 Apportation              Tloc           38%        N/A       2%          1
 Necrotise                Necr           20%        1d5       9%          1
 Summon Small Mammal      Summ           20%        N/A       9%          1
 Sublimation of Blood     Necr           5%         N/A       13%         2
 Wereblood                Tmut           5%         N/A       13%         2
 Dazzling Flash           Conj/Hex       54%        N/A       4%          3
 Summon Hydra             Summ           2%         N/A       100%        7


Dungeon Overview and Level Annotations

Branches:
Dungeon (4/15)
 Temple: D:4-7

Altars:
Hepliaklqana
Qazlal

Shops:
D:3 *:(*

Annotations:
D:3 1 runed translucent door, exclusion: door, Crazy Yiuf


Message History

Unknown command.
The searing ray hits the hound!
The hound is heavily wounded.
A ball python comes into view.
The hound bites you but does no damage.
The searing ray hits the hound!
The hound is almost dead.
The hound bites you but does no damage. The hound bites you.
The searing ray hits the hound.
You kill the hound!
You finish channelling your searing ray.
The ball python hisses angrily.
Unknown command.
A mysterious force pulls you upwards. The hatch slams shut behind you.
Level annotation: 1 runed translucent door, exclusion: door, Crazy Yiuf HP restored.
There is a stone staircase leading down here.
You climb downwards.
There is a stone staircase leading up here.
Okay, then.
Unknown command.
Unknown command.
As you read the scroll of identify, it crumbles to dust.
m - a potion of curing
As you read the scroll of identify, it crumbles to dust.
o - a potion of cancellation
Found a stone staircase leading down.
You now have enough gold to buy a dull robe on D:3.
You can access your shopping list by pressing '$'.
You now have 161 gold pieces (gained 14).
A centaur comes into view.
Found a whip.
The centaur shouts!
The centaur wields a +0 shortbow.
The centaur shoots an arrow.
The arrow hits you!
The centaur shoots an arrow.
The arrow barely misses you.
The centaur shoots an arrow.
The arrow hits you!
* * * LOW HITPOINT WARNING * * *
The centaur shoots an arrow.
The arrow hits you!
You die...

### #..## #...>
##.).## ##.....###
.. ##........### ...
#.....†...@.# ....
#.........#.####....
#.........#.........
#.........##.....###
#...................
............<....###
#.........##.....#
#..c......##........
#..)......##.....###


You could see a centaur.

Vanquished Creatures
  A hound (D:4)
  A jelly (D:4)
  An iguana (D:4)
  Ijyb (D:3)
  4 adders
  4 dart slugs
  12 orcs (D:3)
  8 bats
  5 endoplasms
  A giant cockroach (D:1)
  9 goblins
  3 hobgoblins
  12 jackals
  3 kobolds
  A quokka (D:4)
  4 ball pythons
  3 frilled lizards
  6 rats
79 creatures vanquished.

Notes
Turn   | Place    | Note
-------+----------+-------------------------------------------
     0 | D:1      | KamiKatze the Deep Elf Conjurer began the quest for the
                  | Orb.
     0 | D:1      | Reached XP level 1. HP: 10/10 MP: 6/6
   150 | D:1      | Reached XP level 2. HP: 15/15 MP: 4/8
   163 | D:1      | Learned a level 2 spell: Searing Ray
   321 | D:1      | Reached skill level 1 in Hexes
   442 | D:1      | Reached skill level 1 in Translocations
   465 | D:1      | Reached XP level 3. HP: 19/19 MP: 5/9
   528 | D:1      | Found a faded altar of an unknown god.
  1014 | D:2      | You fall into a shaft and drop 1 floor!
  1029 | D:3      | Found Zecvines's Antique Weapon Boutique.
  1501 | D:3      | Found Tyga's Book Boutique.
  1571 | D:3      | Reached XP level 4. HP: 24/24 MP: 3/11
  1581 | D:3      | Learned a level 4 spell: Fulminant Prism
  1850 | D:3      | Noticed Ijyb
  1854 | D:3      | Killed Ijyb
  2113 | D:3      | Reached skill level 5 in Conjurations
  2118 | D:3      | Learned a level 4 spell: Iskenderun's Mystic Blast
  2239 | D:3      | Found Deulewn's Assorted Antiques.
  2263 | D:3      | Found a stormy altar of Qazlal.
  2403 | D:3      | Found a runed translucent door.
  2404 | D:3      | Noticed Crazy Yiuf
  2474 | D:3      | Found Longeala's Assorted Antiques.
  2521 | D:3      | Reached XP level 5. HP: 26/28 MP: 9/13
  2835 | D:4      | Found a hazy altar of Hepliaklqana.
  2933 | D:4      | Noticed a centaur
  2936 | D:4      | Shot with an arrow by a centaur

Illustrated notes

Levels and vault maps discovered:
D:1:      eino_arrival_cavern_b, layout_rooms,
          hellmonk_ecumenical_altar_pennies_from_heaven, minmay_misc_feat_alley
D:2:      layout_loops_ring
D:3:      layout_loops_ring, mainiacjoe_overflow_catwalk, serial_shops,
          nicolae_shop_hallway_plus, shop, shop, nicolae_shop_advertising_works
          [nicolae_subvault_shop_adworks], minmay_door_square,
          bh_walls_and_bars, uniq_ijyb, uniq_crazy_yiuf_cottage
D:4:      layout_rooms, mainiacjoe_overflow_alcove_1

Skill      XL: |  1  2  3  4  5 |
---------------+----------------+-----
Hexes          | 1 2 3 |  3.4
Translocations | 1 2 |  2.7
Stealth        | 3 |  3.0
Dodging        | 3 |  3.0
Spellcasting   | 4 |  4.7
Conjurations   | 5 |  5.3

Action                   |  1- 3 |  4- 6 || total
-------------------------+-------+-------++-------
 Cast: Magic Dart        |    83 |    35 ||   118
       Searing Ray       |     2 |    10 ||    12
  Use: Scroll            |     3 |     3 ||     6
Armor: Robe              |     1 |     3 ||     4
Dodge: Dodged            |     2 |     5 ||     7
